 Dungeon Crawl Stone Soup version 0.32-a0-572-g3e1049b (webtiles) character file.

Game seed: 16334778972256662410

603 Dorkslayer the Slasher (level 7, -6/45 (48) HPs)
             Began as an Octopode Fighter on Mar 1, 2024.
             Was a Follower of Dithmenos.
             Mangled by a wight
             ... wielding a +1 mace
              (10 damage)
             ... on level 6 of the Dungeon.
             The game lasted 00:08:20 (3304 turns).

Dorkslayer the Slasher (Octopode Fighter)           Turns: 3304, Time: 00:08:20

HP:   -6/45 (48)    AC:  1    Str: 17    XL:     7   Next: 42%
MP:   16/16         EV: 13    Int: 11    God:    Dithmenos [*.....]
Gold: 213           SH:  6    Dex: 11    Spells: 6/6 levels left

rFire   + . .        a - +0 long sword (freeze)
rCold   . . .        u - +2 buckler
rNeg    + . .        (helmet restricted)
rPois   .            (no amulet)
rElec   .            i - ring of willpower
rCorr   .            m - ring of magical power
SInv    .            p - ring of positive energy
Will    +....        b - ring of protection from fire
Stlth   ++++         (no ring)
HPRegen 0.27/turn    (no ring)
MPRegen 0.15/turn    (no ring)
                     (no ring)

%: no passive effects
@: wreathed by umbra, drained
A: almost no armour, amphibious, 8 rings, camouflage 1, gelatinous body 1,
(nimble swimmer 1), tentacles
a: Renounce Religion


You were on level 6 of the Dungeon.
You worshipped Dithmenos.
Dithmenos was aware of your devotion.
You visited 2 branches of the dungeon, and saw 7 of its levels.

You collected 213 gold pieces.

Inventory:

Hand Weapons
 a - a +0 long sword of freezing (weapon)
 r - a +0 long sword
Missiles
 j - 6 boomerangs
 q - 8 atropa-tipped darts (quivered)
 z - a throwing net
Armour
 u - a +2 buckler (worn)
Jewellery
 b - a ring of protection from fire (on tentacle)
 i - a ring of willpower (left tentacle)
 m - a ring of magical power (right tentacle)
 p - a ring of positive energy (on tentacle)
Wands
 x - a wand of paralysis (7)
Scrolls
 e - a scroll of teleportation
 o - a scroll of revelation {unknown}
 s - a scroll of fear {unknown}
 y - a scroll of poison {unknown}
Potions
 c - a potion of might
 d - 3 potions of haste
 f - a potion of brilliance
 k - a potion of berserk rage {unknown}
 l - a potion of mutation {unknown}
 n - 3 potions of curing
 v - a potion of heal wounds {unknown}
 w - a potion of resistance {unknown}


   Skills:
 + Level 4.2 Fighting
 + Level 5.1 Long Blades
 + Level 1.4 Throwing
 + Level 3.6 Dodging
 + Level 3.7 Stealth
 + Level 3.8 Shields
 * Level 2.2 Evocations


You had 6 spell levels left.
You didn't know any spells.
Your spell library was empty.

Dungeon Overview and Level Annotations

Branches:
Dungeon (7/15)             Temple (1/1) D:7

Altars:
Ashenzari
Cheibriados
Dithmenos
Fedhas
Gozag
Hepliaklqana
Kikubaaqudgha
Makhleb
Nemelex Xobeh
Qazlal
Sif Muna
Vehumet
Wu Jian
Zin
The Shining One


Innate Abilities, Weirdness & Mutations

You cannot wear most types of armour.
You are amphibious.
You can wear up to eight rings at the same time.
Your skin changes colour to match your surroundings (Stealth+).
Your rubbery body absorbs attacks. (AC +1, EV +1)
((You are camouflaged when in or above water. (Stealth+)))
You have tentacles for arms and can constrict up to eight enemies at once.


Message History

As you read the scroll labelled FURYETHOJIA, it crumbles to dust.
It is a scroll of brand weapon.
Your +0 long sword is covered with a thin layer of ice!
a - a +0 long sword of freezing (weapon)
As you read the scroll labelled QYOGUGONTO, it crumbles to dust.
The creatures around you are filled with an inner flame!
It was a scroll of immolation.
Your surroundings suddenly seem different.
Found a stone staircase leading up.
A hound comes into view.
You open the door. 5 wights come into view.
The wight closely misses you.
There is an open door here.
You hit the wight but do no damage. Your grab misses the wight.
Your squeeze misses the wight. The wight misses you.
The wight closely misses you.
Found 2 gold pieces.
You hit the wight. You grab the wight. You squeeze the wight.
The wight is heavily damaged.
You constrict the wight. You block the wight's attack.
You hit the wight.
You destroy the wight!
Dithmenos accepts your kill.
You hit the wight. Your grab misses the wight.
The wight is moderately damaged.
The wight misses you. The wight hits you with a +0 scimitar!
You partially resist.
You feel drained.
There is an open door, spattered with blood here.
Things that are here:
a +1 great sword; a +0 robe You block the wight's attack.
The wight attacks as it pursues you! The wight hits you with a +0 scimitar!
* * * LOW HITPOINT WARNING * * *
You partially resist.
You feel drained.
* * * LOW HITPOINT WARNING * * *
You hit the wight. You grab the wight.
The wight is heavily damaged.
You constrict the wight. The wight hits you with a +1 mace!
You die...

##...###.......##......
.......#... #......##..
..........###..........
.....##....##....######
......###.......## ###
..##.##.........###..#
.................#...#
#...............zz.z.#
#...............@#...#
.....#.........#.##.z#
........#.....##.# ###
........###......#
..................
....#........#....
....###.... #...$ ..<..
.... ..###. .##..# .#.


You could see 3 wights.

Vanquished Creatures
  An ice beast (D:6)
  A phantom (Temple)
  A wight (D:6)
  A bombardier beetle (D:3)
  A hound (Temple)
  A jelly (D:3)
  An orc priest (D:3)
  A gnoll bouda (Temple)
  Jessica (D:3)
  An iguana (D:4)
  6 adders
  3 gnolls (Temple)
  A white imp (D:6)
  2 dart slugs (D:2)
  2 ribbon worms (D:2)
  2 orcs (D:3)
  5 endoplasms
  7 giant cockroaches
  11 goblins
  7 hobgoblins
  3 quokkas
  7 ball pythons
  5 bats
  6 frilled lizards
  9 kobolds
  6 rats
92 creatures vanquished.

Notes
Turn   | Place    | Note
-------+----------+-------------------------------------------
     0 | D:1      | Dorkslayer the Octopode Fighter began the quest for the
                  | Orb.
     0 | D:1      | Reached XP level 1. HP: 16/16 MP: 1/1
   329 | D:1      | Reached XP level 2. HP: 20/21 MP: 2/2
   739 | D:1      | Found a faded altar of an unknown god.
   995 | D:2      | Reached XP level 3. HP: 26/26 MP: 3/3
  1141 | D:2      | Reached XP level 4. HP: 27/31 MP: 4/4
  1187 | D:2      | Reached skill level 3 in Long Blades
  1247 | D:2      | Reached skill level 1 in Stealth
  1706 | D:3      | Found a shadowy altar of Dithmenos.
  1858 | D:3      | Reached XP level 5. HP: 35/37 MP: 5/5
  1890 | D:3      | Noticed Jessica
  1898 | D:3      | Killed Jessica
  1915 | D:3      | Became a worshipper of Dithmenos the Shadowed
  2000 | D:3      | Reached skill level 4 in Long Blades
  2096 | D:3      | Found a blossoming altar of Fedhas.
  2104 | D:3      | Reached XP level 6. HP: 29/43 MP: 6/6
  2401 | D:3      | Found a burning altar of Makhleb.
  2401 | D:3      | Noticed a blizzard demon
  2404 | D:3      | Noticed a ynoxinul
  2404 | D:3      | Noticed a smoke demon
  2860 | D:4      | You fall into a shaft and drop 3 floors!
  2860 | D:7      | Found a staircase to the Ecumenical Temple.
  2873 | Temple   | Entered the Ecumenical Temple
  2895 | Temple   | Reached skill level 1 in Throwing
  3047 | Temple   | Reached * piety under Dithmenos
  3048 | Temple   | Reached skill level 1 in Evocations
  3103 | Temple   | Reached XP level 7. HP: 36/48 MP: 7/7
  3223 | D:6      | Found a radiant altar of Vehumet.
  3259 | D:6      | Reached skill level 5 in Long Blades
  3304 | D:6      | Mangled by a wight

Illustrated notes

Levels and vault maps discovered:
D:1:      reono_arrival_forest_river, layout_loops_corners,
          shapermc_ecumenical_altar_mp_highgroup, minmay_misc_feat_four_crosses
D:2:      minmay_razor_zed, layout_rooms, minmay_worlds_worst_comb
D:3:      layout_loops_ring, makhleb_altar_promises_db, amcnicky_altar_gilded,
          nicolae_overflow_crystal_walls, uniq_jessica
D:4:      layout_basic, hangedman_ru_absence, serial_shops, shop
D:6:      layout_cave_pools, nicolae_vehumet_altar_sigil,
          gup_sewer_entry_spiral, hangedman_decor_opposing,
          nicolae_kite_square_tiling_tiny, hangedman_decor_clover_reticule,
          serial_library_hellmonk_room_c
D:7:      layout_basic, minmay_temple_entry_sparse_star, grunt_decor_arrowhead,
          serial_park_tiny_1, uniq_prince_ribbit1
Temple:   nicolae_temple_bog_church

Skill      XL: |  1  2  3  4  5  6  7 |
---------------+----------------------+-----
Long Blades    | 3 4 5 |  5.1
Stealth        | 1 2 3 |  3.7
Fighting       | 4 |  4.2
Throwing       | 1 |  1.4
Evocations     | 1 2 |  2.2
Dodging        | |  3.6
Shields        | |  3.8

Action                     |  1- 3 |  4- 6 |  7- 9 || total
---------------------------+-------+-------+-------++-------
  Melee: Long sword        |    48 |   104 |    19 ||   171
         Constrict         |    11 |    26 |     4 ||    41
         Tentacles         |     4 |    23 |     8 ||    35
  Throw: Dart              |       |    15 |       ||    15
    Use: Scroll            |       |     4 |     5 ||     9
   Stab: Sleeping          |     2 |     9 |     1 ||    12
         Confused          |       |     1 |       ||     1
 Armour: Skin              |    12 |    55 |     6 ||    73
  Dodge: Dodged            |    30 |    49 |     8 ||    87
  Block: Buckler           |    10 |    35 |     8 ||    53

Table legend: (Time is in decaauts)
 A = Elapsed time spent in this place.
 B = Non-inter-level travel time spent in this place.
 C = Inter-level travel time spent in this place.
 D = Time resting spent in this place.
 E = Time spent auto-exploring this place.
 F = Levels seen in this place.
 G = Mean time per level.
                   A        B        C        D        E       F      G
               +--------+--------+--------+--------+--------+-----+--------+
         Total |   3348 |   3348 |      0 |    114 |   1745 |   7 |  478.3 |
       Dungeon |   3079 |   3079 |      0 |      0 |   1671 |   6 |  513.2 |
        Temple |    269 |    269 |      0 |    114 |     74 |   1 |  269.0 |
               +--------+--------+--------+--------+--------+-----+--------+

Top non-repeatable levels by time:
     D:2: 868 daAuts
     D:3: 866 daAuts
     D:1: 844 daAuts
     D:4: 316 daAuts
  Temple: 269 daAuts
     D:7: 94 daAuts
     D:6: 90 daAuts
